 Dungeon Crawl Stone Soup version 0.30-a0-959-g3818848631 (webtiles) character file.

Game seed: 1488867757861445204

32 Chaositek the Vexing (level 3, 24/24 HPs)
             Began as a Vampire Enchanter on July 29, 2022.
             Was a Follower of Makhleb.
             Quit the game on level 1 of the Dungeon on Mar 30, 2023.
             The game lasted 00:06:06 (1021 turns).

Chaositek the Vexing (Vampire Enchanter)            Turns: 1021, Time: 00:06:06

Health: 24/24      AC:  2    Str:  7    XL:     3   Next: 10%
Magic:  6/6        EV: 13    Int: 17    God:    Makhleb [*.....]
Gold:   50         SH:  0    Dex: 16    Spells: 6/6 levels left

rFire   . . .      SeeInvis +    e - +0 dagger (protect)
rCold   . . .      Faith    .    (no shield)
rNeg    . . .      Spirit   .    b - +0 robe
rPois   +          Reflect  .    (no helmet)
rElec   .          Rampage  .    (no cloak)
rCorr   .                        (no gloves)
Will    .....                    (no boots)
Stlth   +++                      (no amulet)
HPRegen 0.44/turn                g - ring of poison resistance
MPRegen 0.10/turn                (no ring)

@: healing quickly
A: alive, fangs 3, see invisible, vampiric 2
a: Exsanguinate, Renounce Religion


You were on level 1 of the Dungeon.
You worshipped Makhleb.
Makhleb was aware of your devotion.
You visited 1 branch of the dungeon, and saw 2 of its levels.

You collected 50 gold pieces.

Inventory:

Hand Weapons
 a - a +1 dagger
 e - a +0 dagger of protection (weapon)
Armour
 b - a +0 robe (worn)
 k - a +0 helmet
Jewellery
 g - a ring of poison resistance (left hand)
Scrolls
 d - a scroll of blinking {unknown}
 f - a scroll of identify {unknown}
 j - a scroll of amnesia {unknown}
Potions
 c - 2 potions of invisibility
 h - a potion of ambrosia {unknown}
 i - a potion of flight {unknown}


   Skills:
 + Level 1.1 Short Blades
 + Level 2.8 Dodging
 + Level 4.7 Stealth
 + Level 2.1 Spellcasting
 + Level 5.4 Hexes


You had 6 spell levels left.
You didn't know any spells.
Your spell library contained the following spells:

 Spells                   Type           Power      Damage    Failure   Level
 Confusing Touch          Hex            20%        N/A       6%          3
 Tukima's Dance           Hex            20%        N/A       6%          3
 Ensorcelled Hibernation  Hex/Ice        22%        N/A       10%         2
 Dazzling Flash           Conj/Hex       22%        N/A       19%         3


Dungeon Overview and Level Annotations

Branches:
Dungeon (2/15)

Altars:
Makhleb


Innate Abilities, Weirdness & Mutations

Your natural rate of healing is accelerated.
You have razor-sharp teeth.
You have supernaturally acute eyesight. (SInv)
You are afflicted with vampirism and can become a bat while bloodless.


Message History

You hit the dart slug but do no damage.
Your weapon exudes an aura of protection.
The dart slug closely misses you.
You completely miss the dart slug. You hit the dart slug.
You bite the dart slug.
The dart slug is heavily wounded.
The dart slug closely misses you.
You hit the dart slug but do no damage.
The dart slug is heavily wounded.
The dart slug launches a dart at you.
The slug dart hits you but does no damage.
You hit the dart slug but do no damage.
The dart slug is heavily wounded.
You hit the dart slug but do no damage. You bite the dart slug.
The dart slug is almost dead.
The dart slug launches a dart at you. The slug dart misses you.
You hit the dart slug but do no damage.
The dart slug is almost dead.
The dart slug bites you but does no damage.
You hit the dart slug.
You kill the dart slug!
A quokka comes into view.
The helpless quokka fails to defend itself.
You impale the quokka!!
Your weapon exudes an aura of protection.
You kill the quokka!
Done exploring.
Done exploring.
There's nothing to open nearby.
There is a faded altar of an unknown god here.
Nothing quivered!
Okay, then.
You are not religious.
This altar belongs to (a) Makhleb, (b) Dithmenos or (c) Okawaru, but you can't tell which.
Press the corresponding letter to learn more about a god, or press enter to convert or escape to cancel.
Makhleb accepts your prayer! Makhleb welcomes you!
You can now gain health from killing.
Okay, then.
Are you sure you want to abandon this character and quit the game? (Confirm with "yes".)

#..#..........######
#..###.##.....##########
............(.........>#
..............####.###.#
#...###.......####.###.#
#...# #.......##.....#.#
#...# #.......##.#.....#
#...###.......##.#.#.###
..............#.@#.#.#
..........[......#.#.#
#....................#
#..............###.###
#..............# #.#
#.....##.....#.# #)#
#......+.......###.###
#...#.##.....#.......#
........#....#.#.....#


There were no monsters in sight!

Vanquished Creatures
  3 dart slugs (D:1)
  A bat (D:1)
  2 endoplasms (D:1)
  3 giant cockroaches (D:1)
  A goblin (D:1)
  4 jackals (D:1)
  A quokka (D:1)
  4 ball pythons (D:1)
  4 kobolds (D:1)
  A rat (D:1)
24 creatures vanquished.

Notes
Turn   | Place    | Note
-------+----------+-------------------------------------------
     0 | D:1      | Chaositek the Vampire Enchanter began the quest for the
                  | Orb.
     0 | D:1      | Reached XP level 1. HP: 13/13 MP: 3/3
    64 | D:1      | Upgraded the game from 0.29-a0-925-g0a7a3d12f8 to
                  | 0.30-a0-959-g3818848631
   134 | D:1      | Found a faded altar of an unknown god.
   293 | D:1      | Reached XP level 2. HP: 19/19 MP: 5/5
   301 | D:1      | Reached skill level 5 in Hexes
   634 | D:1      | You fall into a shaft and drop 1 floor!
   891 | D:1      | Gained mutation: You are afflicted with vampirism and can
                  | become a bat while bloodless. [Vampire growth]
   891 | D:1      | Reached XP level 3. HP: 24/24 MP: 6/6
  1020 | D:1      | Prayed at the altar of an unknown god.
  1020 | D:1      | Became a worshipper of Makhleb the Destroyer
  1020 | D:1      | Reached * piety under Makhleb
  1021 | D:1      | Quit the game

Illustrated notes

Levels and vault maps discovered:
D:1:      heliophobic_arrival_battle_scene, layout_basic, basic_ecumenical_altar
D:2:      layout_loops_cross, basic_altar, grunt_ministairs_12,
          nicolae_wormholes

Skill      XL: |  1  2 |
---------------+-------+-----
Hexes          | 5 |  5.4
Short Blades   | |  1.1
Dodging        | |  2.8
Stealth        | |  4.7
Spellcasting   | |  2.1

Action                     || total
---------------------------++-------
  Melee: Dagger            ||    98
         Bite              ||    14
   Stab: Sleeping          ||     5
 Armour: Robe              ||    41
  Dodge: Dodged            ||    58

Table legend: (Time is in decaauts)
 A = Elapsed time spent in this place.
 B = Non-inter-level travel time spent in this place.
 C = Inter-level travel time spent in this place.
 D = Time resting spent in this place.
 E = Time spent auto-exploring this place.
 F = Levels seen in this place.
 G = Mean time per level.
                   A        B        C        D        E       F      G
               +--------+--------+--------+--------+--------+-----+--------+
         Total |   1015 |    984 |     31 |    200 |    502 |   2 |  507.5 |
       Dungeon |   1015 |    984 |     31 |    200 |    502 |   2 |  507.5 |
               +--------+--------+--------+--------+--------+-----+--------+

Top non-repeatable levels by time:
     D:1: 994 daAuts
     D:2: 20 daAuts
